 Dungeon Crawl Stone Soup version 0.25-b1-23-ge2ad7d536c (webtiles) character file.

Game seed: 13741997801487270094, levelgen mode: deterministic

4320 raph the Scholar of Death (level 10, -8/88 HPs)
             Began as a Deep Dwarf Necromancer on June 3, 2020.
             Was a Follower of Kikubaaqudgha.
             Killed by divine providence
             ... invoked by an orc priest
              (12 damage)
             ... on level 9 of the Dungeon.
             The game lasted 00:34:44 (11640 turns).

raph the Scholar of Death (Deep Dwarf Necromancer) Turns: 11640, Time: 00:34:45

Health: -8/88      AC:  7    Str: 11    XL:     10   Next: 11%
Magic:  3/15       EV: 17    Int: 20    God:    Kikubaaqudgha [*.....]
Gold:   564        SH:  6    Dex: 19    Spells: 1/17 levels left

rFire    . . .     SeeInvis .   b - +1 dagger (venom)
rCold    . . .     Gourm    .   p - +0 buckler
rNeg     . . .     Faith    .   k - +0 robe
rPois    .         Spirit   .   y - +2 hat
rElec    .         Reflect  .   F - +0 cloak
rCorr    .         Harm     .   (no gloves)
MR       +....                  C - +1 pair of boots
Stlth    ++++......             (no amulet)
HPRegen  0.00/turn              h - +6 ring of dexterity
MPRegen  0.14/turn              E - ring of flight

@: non-regenerating
A: damage resistance, heal wounds, sense surroundings 2, no regeneration
a: Heal Wounds, Receive Corpses, Renounce Religion, Evoke Flight


You were on level 9 of the Dungeon.
You worshipped Kikubaaqudgha.
Kikubaaqudgha was aware of your devotion.
You were near starving.

You visited 2 branches of the dungeon, and saw 10 of its levels.

You collected 564 gold pieces.

Inventory:

Hand Weapons
 a - the +2 hunting sling of Execution {venom, Int+4}
   (You found it on level 4 of the Dungeon)

   It poisons the ammo it fires.
   It affects your intelligence (+4).
 b - a +1 dagger of venom (weapon)
 d - a +0 mace
 f - a +1 dagger of freezing
 j - a +0 hand axe
 n - a +2 dagger of protection
 o - a cursed -2 war axe
Missiles
 r - 215 stones
 w - 27 poisoned darts (quivered)
Armour
 k - a +0 robe (worn)
 p - a +0 buckler (worn)
 y - a +2 hat (worn)
 C - a +1 pair of boots (worn)
 F - a +0 cloak (worn)
Jewellery
 h - a +6 ring of dexterity (left hand)
 l - an uncursed ring of ice {unknown}
 E - a ring of flight (right hand)
Wands
 D - a wand of disintegration (10)
 G - a wand of flame (12)
 H - a wand of iceblast (8)
Scrolls
 q - a scroll of fear
 t - 3 scrolls of magic mapping
 u - a scroll of fog
 x - a scroll of amnesia
 z - 3 scrolls of teleportation
 A - a scroll of remove curse
 B - a scroll of identify
Potions
 e - a potion of mutation
 g - 5 potions of curing
 i - 3 potions of magic
 m - a potion of might
 s - a potion of cancellation
 v - a potion of heal wounds {unknown}
Comestibles
 c - 13 rations


   Skills:
 + Level 5.0 Fighting
 * Level 2.2 Short Blades
 + Level 6.6 Dodging
 - Level 6.3 Stealth
 - Level 4.0 Shields
 - Level 4.0 Spellcasting
 * Level 10.6 Necromancy
 + Level 4.3 Evocations


You had one spell level left.
You knew the following spells:

 Your Spells              Type           Power        Failure   Level  Hunger
a - Pain                  Necr           ####         1%          1    None
b - Animate Skeleton      Necr           N/A          1%          1    None
c - Vampiric Draining     Necr           #####.....   1%          3    ###....
d - Animate Dead          Necr           N/A          1%          4    ####...
e - Agony                 Necr           #####...     4%          5    ######.
f - Corpse Rot            Necr/Air       N/A          2%          2    #......

Your spell library contained the following spells:

 Spells                   Type           Power        Failure   Level  Hunger
 Sublimation of Blood     Necr           #####.....   1%          2    #......


Dungeon Overview and Level Annotations

Branches:
Dungeon (9/15)             Temple (1/1) D:6
   Lair: D:8-11         Orc: D:9-12

Altars:
Ashenzari
Cheibriados
Dithmenos
Elyvilon
Fedhas
Gozag
Hepliaklqana
Kikubaaqudgha
Makhleb
Nemelex Xobeh
Okawaru
Qazlal
Ru
Sif Muna
Trog
Uskayaw
Vehumet
Wu Jian
Xom
Zin
The Shining One

Annotations:
D:4 1 exclusion
D:7 1 exclusion
D:8 Maggie


Innate Abilities, Weirdness & Mutations

You are resistant to damage.
You can heal yourself by infusing magical energy.
You passively map the area around you.
You do not regenerate.


Message History

Kikubaaqudgha accepts your kill.
Reactivating autopickup.
Your Fighting skill increases to level 5!
You feel a bit more experienced.
The orc priest mumbles some strange prayers to Beogh against you.
You resist with some effort.
The orc priest looks satisfied for a moment.
The orc priest calls down the wrath of Beogh upon you.
Beogh smites you!
* * * LOW HITPOINT WARNING * * *
Found a scroll of noise.
Found 17 gold pieces.
Casting: Vampiric Draining (safe; 1% risk of failure)
Confirm with . or Enter, or press ? or * to list all spells.
You can't see any susceptible monsters within range! (Use Z to cast anyway.) Unknown command.
The orc priest calls down the wrath of Beogh upon you.
Beogh smites you!
You die...
Kikubaaqudgha rasps: "You have failed me!
Welcome... death!"

#############
#...........# #######*
#...........##....... ,,
#...)..)....#$....... ,
#......o....#..?.....
#...........#........
,>+, *
#...........@........ ,
**
#...........##......., ,
#...........#*###+###***
#.>.........#
###'######### , #.# * *
#..* *, #.# * *'#* * **
*


You could see an orc priest.

Vanquished Creatures
  A cyclops (D:8)
  A gargoyle (D:8)
  A hornet (D:7)
  3 yaks (D:9)
  2 hungry ghosts
  A water moccasin (D:8)
  2 ice beasts
  2 orc warriors (D:7)
  4 ogres
  2 centaurs
  3 bullfrogs
  9 killer bees
  3 howler monkeys
  A centaur zombie (D:8)
  A crimson imp (D:9)
  A gnoll shaman (D:8)
  2 orc priests
  10 orc wizards
  2 iguanas
  Natasha (thrice) (D:3)
  6 worker ants
  A hound skeleton (D:8)
  13 adders
  7 gnolls
  4 oozes
  An adder skeleton (D:4)
  2 worms (D:2)
  A dart slug (D:2)
  4 leopard geckos
  20 orcs
  10 bats
  8 giant cockroaches
  7 hobgoblins
  7 jackals
  4 ball pythons
  7 frilled lizards
  7 goblins
  5 kobolds
  3 rats
171 creatures vanquished.

Vanquished Creatures (collateral kills)
  2 killer bees (D:8)
  An orc wizard (D:7)
  A hound skeleton (D:6)
  5 gnolls (D:8)
  A leopard gecko (D:7)
  2 orcs (D:6)
  A hobgoblin (D:2)
  A jackal (D:3)
  A kobold (D:1)
  A frilled lizard (D:2)
  A rat (D:2)
17 creatures vanquished.

Vanquished Creatures (others)
  An orc wizard (D:6)
1 creature vanquished.

Grand Total: 189 creatures vanquished

Notes
Turn   | Place    | Note
-------+----------+-------------------------------------------
     0 | D:1      | raph the Deep Dwarf Necromancer began the quest for the
                  | Orb.
     0 | D:1      | Reached XP level 1. HP: 15/15 MP: 3/3
    23 | D:1      | Learned a level 1 spell: Animate Skeleton
   160 | D:1      | Reached XP level 2. HP: 22/22 MP: 0/4
   702 | D:1      | Reached skill level 5 in Necromancy
   967 | D:1      | Reached XP level 3. HP: 22/28 MP: 3/6
  1060 | D:1      | Learned a level 3 spell: Vampiric Draining
  1575 | D:2      | Reached XP level 4. HP: 17/36 MP: 0/7
  2132 | D:2      | Reached skill level 6 in Necromancy
  3309 | D:3      | Found a faded altar of an unknown god.
  3311 | D:3      | Noticed Natasha
  3492 | D:3      | Killed Natasha
  3492 | D:3      | Reached XP level 5. HP: 41/43 MP: 5/8
  3661 | D:3      | Noticed Natasha
  3665 | D:3      | Killed Natasha
  3665 | D:3      | Reached skill level 1 in Fighting
  4096 | D:3      | Noticed Natasha
  4100 | D:3      | Killed Natasha
  4295 | D:3      | Found a shimmering altar of Xom.
  4372 | D:3      | Found a shimmering altar of Xom.
  4372 | D:3      | Found a shimmering altar of Xom.
  4372 | D:3      | Found a shimmering altar of Xom.
  4372 | D:3      | Found a shimmering altar of Xom.
  4373 | D:3      | Found a shimmering altar of Xom.
  4494 | D:4      | Noticed an ogre
  4610 | D:3      | Reached XP level 6. HP: 39/51 MP: 6/9
  5380 | D:4      | Reached skill level 7 in Necromancy
  5417 | D:4      | Found a shattered altar of Ashenzari.
  5652 | D:4      | Noticed a hungry ghost
  5740 | D:4      | Reached XP level 7. HP: 52/60 MP: 11/11
  5770 | D:4      | Got a masterwork hunting sling
  5771 | D:4      | Identified the +2 hunting sling of Execution {venom, Int+4}
                  | (You found it on level 4 of the Dungeon)
  5993 | D:4      | Reached skill level 1 in Shields
  6450 | D:3      | Found a shattered altar of Ashenzari.
  6450 | D:3      | Found a radiant altar of Vehumet.
  6493 | D:5      | Entered Level 5 of the Dungeon
  6973 | D:5      | Learned a level 4 spell: Animate Dead
  7215 | D:5      | Found a shimmering blue altar of Sif Muna.
  7323 | D:6      | Reached XP level 8. HP: 54/68 MP: 12/12
  7493 | D:6      | Reached skill level 5 in Stealth
  7709 | D:6      | Found a staircase to the Ecumenical Temple.
  7781 | Temple   | Entered the Ecumenical Temple
  7965 | Temple   | Became a worshipper of Kikubaaqudgha
  8004 | D:6      | Reached skill level 8 in Necromancy
  8836 | D:6      | Learned a level 5 spell: Agony
  9306 | D:7      | Reached skill level 5 in Dodging
  9322 | D:7      | Reached * piety under Kikubaaqudgha
  9322 | D:7      | Identified Kikubaaqudgha's Volume of Darkness
                  | (Kikubaaqudgha gifted it to you on level 7 of the Dungeon)
  9322 | D:7      | Received a gift from Kikubaaqudgha
  9339 | D:7      | Noticed a hornet
  9347 | D:7      | Paralysed by a hornet for 1 turns
  9359 | D:7      | Killed a hornet
  9359 | D:7      | Reached skill level 9 in Necromancy
  9359 | D:7      | Gained mutation: You passively map the area around you.
                  | [Deep Dwarf growth]
  9359 | D:7      | Reached XP level 9. HP: 45/78 MP: 1/15
 10275 | D:8      | Noticed a gargoyle
 10286 | D:8      | Killed a gargoyle
 10286 | D:8      | Reached skill level 1 in Evocations
 10465 | D:8      | Reached skill level 10 in Necromancy
 10710 | D:8      | Noticed a cyclops
 11049 | D:8      | Noticed a two-headed ogre
 11065 | D:8      | Noticed Maggie
 11082 | D:8      | HP: 1/79 [two-headed ogre/+0 dire flail (20)]
 11296 | D:8      | Killed a cyclops
 11296 | D:8      | Reached skill level 1 in Short Blades
 11432 | D:9      | Found a burning altar of Makhleb.
 11474 | D:9      | Learned a level 2 spell: Corpse Rot
 11512 | D:9      | Reached XP level 10. HP: 59/87 MP: 3/15
 11635 | D:9      | Reached skill level 5 in Fighting
 11637 | D:9      | HP: 4/88 [orc priest/divine providence (13)]
 11640 | D:9      | Killed from afar by an orc priest

Illustrated notes

Levels and vault maps discovered:
D:1:      roderic_dead_forest, layout_basic, nrook_mini_backslash,
          serial_bayou_crossing
D:2:      layout_loops_ring, wander_ebering_terrifying_dragon_lair
D:3:      layout_loops_ring, nicolae_overflow_hidden_temple,
          chequers_ecumenical_altar_simple_redux, grunt_ministairs_12,
          minivault_25, xom_redecorated, uniq_natasha
D:4:      layout_rooms, first_ration, evilmike_ruin_ashenzari
D:5:      layout_cave_pools, led_sif_pool, hangedman_abyss_or_decor_lesser_grid,
          st_stairs_13
D:6:      layout_gridville, minmay_temple_entry_statues_pillars,
          minmay_fractal_squares_5
D:7:      layout_cave_pods
D:8:      layout_cave_pools, grunt_livestock, uniq_maggie
D:9:      layout_roguey, kennysheep_mini_moat, lemuel_round_altar
Temple:   eino_temple_scatter_basement

Skill      XL: |  1  2  3  4  5  6  7  8  9 10 |
---------------+-------------------------------+-----
Spellcasting   | 2 3 4 |  4.0
Necromancy     | 5 6 7 9 10 | 10.6
Stealth        | 3 4 6 |  6.3
Fighting       | 1 2 3 4 5 |  5.0
Dodging        | 3 4 5 6 |  6.6
Shields        | 2 4 |  4.0
Evocations     | 4 |  4.3
Short Blades   | 1 2 |  2.2

Action                   |  1- 3 |  4- 6 |  7- 9 | 10-12 || total
-------------------------+-------+-------+-------+-------++-------
Melee: Mace              |     4 |       |       |       ||     4
       Hand axe          |     2 |       |       |       ||     2
       Dagger            |     2 |    48 |   189 |    32 ||   271
 Fire: Hunting sling     |       |       |     1 |       ||     1
Throw: Dart              |       |       |     3 |       ||     3
 Cast: Pain              |    51 |    74 |    82 |     2 ||   209
       Animate Skeleton  |     9 |    35 |    17 |       ||    61
       Vampiric Draining |     1 |    27 |    69 |     5 ||   102
       Animate Dead      |       |       |     6 |       ||     6
 Abil: Heal Wounds       |       |       |     2 |     1 ||     3
Evoke: Wand              |       |       |    11 |       ||    11
  Use: Scroll            |       |    13 |     5 |     1 ||    19
       Potion            |       |       |     3 |       ||     3
 Stab: Sleeping          |     3 |     6 |     8 |       ||    17
  Eat: Chunk             |     1 |    15 |    17 |       ||    33
       Ration            |     1 |       |     3 |       ||     4
Armor: Robe              |     1 |    10 |    45 |     6 ||    62
Dodge: Dodged            |    12 |    75 |   192 |    24 ||   303
Block: Buckler           |       |       |    82 |    12 ||    94
